 Dungeon Crawl Stone Soup version 0.23.1 (webtiles) character file.

Game seed: 3571179398289110526

301 Borgoz the Sneak (level 6, -10/47 HPs)
             Began as a Ghoul Enchanter on Mar 4, 2019.
             Mangled by an ogre
             ... wielding a +0 giant club
              (14 damage)
             ... on level 3 of the Dungeon.
             The game lasted 00:09:07 (3515 turns).

Borgoz the Sneak (Ghoul Enchanter)                  Turns: 3515, Time: 00:09:08

Health: -10/47     AC:  9    Str: 12    XL:     6   Next: 37%
Magic:  1/7        EV: 12    Int: 11    God:
Gold:   80         SH:  0    Dex: 10    Spells: 5/8 levels left

rFire    . . .     SeeInvis .   a - +1 dagger
rCold    + . .     Gourm    .   (no shield)
rNeg     + + +     Faith    .   n - +0 leather armour
rPois    ∞         Spirit   .   m - +0 helmet
rElec    .         Reflect  .   (no cloak)
rCorr    .         Harm     .   i - +0 pair of gloves
MR       .....                  (no boots)
Stlth    ++........             (no amulet)
HPRegen  0.00/turn              l - +2 ring of protection
MPRegen  0.10/turn              u - +2 ring of protection

@: flying, very slightly contaminated, rotting
A: rotting body, claws 1, carnivore, cold resistance 1, negative energy
resistance 3, inhibited regeneration, torment resistance, unbreathing
a: no special abilities


You were on level 3 of the Dungeon.
You were not hungry.

You visited 1 branch of the dungeon, and saw 4 of its levels.

You collected 80 gold pieces.

Inventory:

Hand Weapons
 a - a +1 dagger (weapon)
Armour
 i - a +0 pair of gloves (worn)
 m - a +0 helmet (worn)
 n - a +0 leather armour (worn)
Jewellery
 l - a +2 ring of protection (left hand)
 u - a +2 ring of protection (right hand)
Scrolls
 h - 4 scrolls of teleportation {unknown}
 j - 2 scrolls of identify {unknown}
 p - 2 scrolls of fog {unknown}
 q - 3 scrolls of remove curse {unknown}
 r - a scroll of magic mapping {unknown}
Potions
 c - a potion of mutation {unknown}
 e - 2 potions of curing
 f - a potion of brilliance {unknown}
 g - a potion of berserk rage {unknown}
 k - a potion of flight
 s - a potion of lignification
 t - a potion of resistance {unknown}
Comestibles
 d - 9 rations
 o - 5 chunks of flesh


   Skills:
 + Level 1.0 Fighting
 * Level 3.7 Short Blades
 + Level 0.3 Armour
 * Level 3.5 Dodging
 + Level 4.3 Stealth
 + Level 1.9 Spellcasting
 + Level 2.5 Hexes


You had 5 spell levels left.
You knew the following spells:

 Your Spells              Type           Power        Failure   Level  Hunger
a - Corona                Hex            #......      13%         1    ##.....
b - Ensorcelled Hibernat  Hex/Ice        #.....       32%         2    ###....

Your spell library contained the following spells:

 Spells                   Type           Power        Failure   Level  Hunger
 Confuse                  Hex            #.......     36%         3    ####...
 Tukima's Dance           Hex            #.......     36%         3    ####...
 Dazzling Spray           Conj/Hex       #.....       54%         3    ####...


Dungeon Overview and Level Annotations

Branches:
Dungeon (4/15)
 Temple: D:4-7

Altars:
Kikubaaqudgha


Innate Abilities, Weirdness & Mutations

Your body is rotting away.
You thrive on raw meat.
You are immune to poison.
You have sharp fingernails.
You are carnivorous and can eat meat at any time.
Your flesh is cold resistant. (rC+)
You are immune to negative energy. (rN+++)
You do not regenerate when monsters are visible.
You are immune to unholy pain and torment.
You can survive without breathing.


Message History

Aiming: Ensorcelled Hibernation (safe; 32% risk of failure)
Press: ? - help, Shift-Dir - straight line, f/p - ogre
Aim: an ogre, wielding a +0 giant club (chance to defeat MR: 35%)
You miscast Ensorcelled Hibernation.
You are very lightly contaminated with residual magic.
You feel uncomfortably cold. The ogre hits you with a +0 giant club!
You barely miss the ogre. You hit the ogre.
The ogre is lightly wounded.
The ogre closely misses you.
You hit the ogre but do no damage.
The ogre is lightly wounded.
The ogre hits you with a +0 giant club!!
Ouch! That really hurt!
* * * LOW HITPOINT WARNING * * *
It was a potion of flight.
You feel very buoyant.
You fly up into the air.
The ogre hits you with a +0 giant club!
You die...

...................###.#
##.##.......#########..####
#...........# #..........#
#...##......# #..........#
#.#.##..#.### #..........#
..#.##....# ####..........#
..#.....### #.............#
....[>..# ###.##..........#
........###...##@.........##
........##..####O..........#
#.........>###...#########.#
..#..#..######.###.......#.#
........#......# #.⌠.⌠.⌠.#.#
.#............####.......#.#
.#.#.............#<........#
...###..#....#####.).....###
..## ##.#....# #.⌠.⌠.⌠.#


You could see an ogre.

Vanquished Creatures
  A centaur (D:3)
  A hound (D:4)
  2 orc priests (D:3)
  4 adders
  2 oozes (D:1)
  A dart slug (D:2)
  4 leopard geckos
  11 orcs
  A ball python (D:2)
  6 bats
  7 giant cockroaches
  2 goblins
  7 hobgoblins
  3 jackals (D:1)
  A quokka (D:3)
  5 frilled lizards
  8 kobolds
  9 rats
75 creatures vanquished.

Notes
Turn   | Place    | Note
-------+----------+-------------------------------------------
     0 | D:1      | Borgoz the Ghoul Enchanter began the quest for the Orb.
     0 | D:1      | Reached XP level 1. HP: 14/14 MP: 2/2
     6 | D:1      | Noticed a lindwurm
     6 | D:1      | Noticed a polar bear
     6 | D:1      | Noticed a hound
     7 | D:1      | Noticed a four-headed hydra
     7 | D:1      | Noticed a water moccasin
   160 | D:1      | Reached skill level 1 in Short Blades
   176 | D:1      | Reached XP level 2. HP: 16/20 MP: 1/3
   281 | D:1      | Learned a level 2 spell: Ensorcelled Hibernation
   362 | D:1      | Reached XP level 3. HP: 14/26 MP: 1/4
   486 | D:1      | You fall through a shaft!
  2194 | D:2      | Reached XP level 4. HP: 33/33 MP: 5/5
  2476 | D:3      | Noticed a centaur
  2508 | D:3      | Killed a centaur
  2508 | D:3      | Reached skill level 4 in Stealth
  2508 | D:3      | Reached XP level 5. HP: 30/39 MP: 1/6
  2909 | D:3      | Reached XP level 6. HP: 18/46 MP: 0/7
  3218 | D:3      | Found an ancient bone altar of Kikubaaqudgha.
  3418 | D:4      | Reached skill level 1 in Fighting
  3515 | D:3      | Mangled by an ogre

Skill      XL: |  1  2  3  4  5  6 |
---------------+-------------------+-----
Short Blades   | 1 2 3 |  3.7
Dodging        | 2 3 |  3.5
Stealth        | 4 |  4.3
Fighting       | 1 |  1.0
Armour         | |  0.3
Spellcasting   | |  1.9
Hexes          | |  2.5

Action                   |  1- 3 |  4- 6 || total
-------------------------+-------+-------++-------
Melee: Dagger            |   192 |   184 ||   376
 Cast: Corona            |     3 |       ||     3
       Ensorcelled Hiber |     7 |    14 ||    21
  Use: Potion            |       |     3 ||     3
 Stab: Sleeping          |    13 |     9 ||    22
       Distracted        |       |     1 ||     1
  Eat: Chunk             |    14 |     6 ||    20
Armor: Robe              |    40 |    16 ||    56
       Leather armour    |       |    38 ||    38
Dodge: Dodged            |    89 |   100 ||   189
